 Dungeon Crawl Stone Soup version 0.17.1-3-g152610e (webtiles) character file.

6265 kaze the Blocker (level 10, -8/63 HPs)
             Began as a Gargoyle Fighter on Apr 10, 2016.
             Was an Initiate of Nemelex Xobeh.
             Killed by divine providence
             ... invoked by an orc priest
              (10 damage)
             ... on level 8 of the Dungeon.
             The game lasted 00:23:07 (9567 turns).

kaze the Blocker (Gargoyle Fighter)                 Turns: 9567, Time: 00:23:07

Health: -8/63      AC: 20    Str: 22 (23) XL:     10   Next: 93%
Magic:  10/10      EV: 10    Int: 11      God:    Nemelex Xobeh [......]
Gold:   482        SH: 17    Dex: 10 (11) Spells: 0 memorised, 9 levels left

rFire  + . .     SeeInvis .     a - +6 flail
rCold  . . .     Clarity  .     B - +0 plate armour
rNeg   + + .     SustAt   .     c - +5 shield
rPois  ∞         Gourm    .     (no helmet)
rElec  +         Spirit   .     (no cloak)
rCorr  .         Warding  +     (no gloves)
rMut   .         Stasis   .     (no boots)
MR     +....                    f - amulet of warding
Stlth  ..........               C - +1 ring of evasion
                                H - ring of protection from magic

@: somewhat resistant to hostile enchantments, extremely unstealthy
A: repulsion field 1, thin skeletal structure 1, clever 1, deterioration 1, fire
resistance 1, negative energy resistance 1, electricity resistance, unbreathing,
petrification resistance, rot immunity, AC +7
a: Renounce Religion


You were on level 8 of the Dungeon.
You worshipped Nemelex Xobeh.
Nemelex Xobeh was noncommittal.
You were not hungry.

You visited 1 branch of the dungeon, and saw 8 of its levels.
You also visited: Ossuary.

You collected 482 gold pieces.

Inventory:

Hand Weapons
 a - a +6 flail (weapon)
 x - a +1 flail of holy wrath
Armour
 c - a +5 shield (worn)
 B - a +0 plate armour (worn)
Jewellery
 f - an amulet of warding (around neck)
 C - a +1 ring of evasion (right hand)
 H - a ring of protection from magic (left hand)
Wands
 q - a wand of paralysis (10)
 v - a wand of slowing (47)
Scrolls
 h - 10 scrolls of identify
 j - 3 scrolls of fear
 m - 3 scrolls of remove curse
 u - 4 scrolls of teleportation
 w - 4 scrolls of magic mapping
Potions
 d - 2 potions of might
 e - a potion of cancellation
 l - 2 potions of agility
 o - a potion of lignification {unknown}
 p - a potion of flight
 r - a potion of ambrosia
 D - a potion of brilliance
Books
 i - a book of Enchantments

   Spells                             Type                      Level
   a - Cause Fear                     Hexes                        4
   b - Silence                        Hexes/Air                    5
   c - Deflect Missiles               Charms/Air                   6
   d - Haste                          Charms                       6
   e - Discord                        Hexes                        8
Miscellaneous
 g - a plain deck of escape
Comestibles
 k - 3 beef jerkies
 n - 2 meat rations
 s - 5 slices of pizza
 A - 7 fruits


   Skills:
 + Level 7.2 Fighting
 + Level 7.2 Maces & Flails
 + Level 8.1 Armour
 + Level 5.2 Dodging
 + Level 1.0 Stealth
 + Level 10.8 Shields


You had 9 spell levels left.
You didn't know any spells.

Dungeon Overview and Level Annotations

Branches:
Dungeon (8/15)             Temple (0/1) D:6            Lair (0/8) D:8

Altars:
Ashenzari
Dithmenos
Elyvilon
Makhleb
Nemelex Xobeh
Zin

Shops:
D:7 ?   D:8 (


Innate Abilities, Weirdness & Mutations

You are resistant to torment.
Your stone body is resilient (AC +7).
You are immune to poison.
You resist negative energy.
You are resistant to electric shocks.
You can survive without breathing.
You are immune to petrification.
You are immune to rotting.
You are surrounded by a mild repulsion field (EV +2).
You have a somewhat thin skeletal structure (Dex +2, Stealth).
Your mind is acute. (Int +2)
Your body sometimes deteriorates upon taking damage.
Your flesh is heat resistant.


Message History

The warg bites you but does no damage. You block the orc priest's attack.
Unknown command.
You sock the orc priest!
You kill the orc priest!
The warg bites you but does no damage. The orc priest barely misses you.
You thump the orc!
You kill the orc!
You block the orc's attack. The warg bites you but does no damage.
The orc priest hits you with a hand axe.
* * * LOW HITPOINT WARNING * * *
The orc warrior hits you with a hand axe.
* * * LOW HITPOINT WARNING * * *
The orc priest miscasts a cantrip.
You block the orc's attack. The orc priest closely misses you.
The warg barely misses you.
Items here: ( )) [[ † The orc priest invokes the aid of Beogh against you.
Something smites you!
You die...
Your body disappears without a glow.

.####.##........
.####.##...[.....
.##....###....... . .##....#
##..... ##.. .##....# ##....
###....####### #......
#..........# ##.......
.......##....#####.s......
....#####.......@oho....>.
.... #..........##oo......
.... +......#...###....... ###
#....###.....##...... ###
######.........# ##.... ####..
#....#..##.......>.##.#.#....#
#.##.#..##.........##.#.#....#
#.##.#..##...#####.##.#.#....#
####.#..........#
#.##.#.......


You could see a warg, an orc warrior, a scorpion, 2 orc priests and an orc.

Vanquished Creatures
  Pikel (D:4)
  Psyche (D:8)
  The ghost of juanjsm the Ducker, a novice SpVM (D:5)
  Grinder (D:6)
  Eustachio (D:4)
  A hungry ghost (D:7)
  Edmund (D:4)
  A warg (D:8)
  Duvessa (D:7)
  2 orc warriors
  2 sky beasts
  3 ice beasts
  A phantom (D:7)
  A slave (D:4)
  4 ogres
  A necrophage (D:6)
  4 centaurs
  Blork the orc (D:6)
  Dowan (D:7)
  2 giant frogs
  16 scorpions
  6 killer bees (D:7)
  9 wights (D:6)
  A centaur zombie (D:6)
  A giant frog zombie (D:6)
  A jelly (D:7)
  3 crimson imps
  2 orc priests
  6 orc wizards
  A hound (D:6)
  3 iguanas
  Natasha (thrice) (D:4)
  9 worker ants
  4 big kobold zombies (Ossuary)
  2 hound skeletons
  A hound zombie (D:6)
  A worker ant zombie (D:5)
  3 mummies (Ossuary)
  13 adders
  2 scorpion zombies (Ossuary)
  4 gnolls (D:8)
  A shadow imp (D:5)
  An ooze (D:7)
  2 adder skeletons (D:6)
  3 worms
  4 giant geckos
  29 orcs
  A ball python (D:2)
  9 goblins
  7 hobgoblins
  14 jackals
  12 kobolds
  4 quokkas
  15 bats
  7 giant cockroaches
  A giant gecko skeleton (D:7)
  12 giant newts
  A gnoll zombie (Ossuary)
  2 goblin zombies (Ossuary)
  A hobgoblin zombie (Ossuary)
  2 kobold zombies (Ossuary)
  An orc zombie (Ossuary)
  A quokka skeleton (D:4)
  2 rats (D:2)
254 creatures vanquished.

Vanquished Creatures (others)
  An ogre (D:4)
  A worker ant (D:4)
  3 orc wizards (D:4)
  A giant gecko (D:4)
  An orc (D:4)
  A giant newt (D:4)
8 creatures vanquished.

Grand Total: 262 creatures vanquished

Notes
Turn   | Place    | Note
--------------------------------------------------------------
     0 | D:1      | kaze the Gargoyle Fighter began the quest for the Orb.
     0 | D:1      | Reached XP level 1. HP: 14/14 MP: 1/1
   121 | D:1      | Reached XP level 2. HP: 17/19 MP: 2/2
   366 | D:1      | Reached XP level 3. HP: 18/23 MP: 3/3
   728 | D:2      | Reached skill level 4 in Shields
   728 | D:2      | Reached XP level 4. HP: 26/29 MP: 4/4
   803 | D:2      | Reached skill level 1 in Dodging
  1004 | D:2      | Found a burning altar of Makhleb.
  1004 | D:2      | Found a shattered altar of Ashenzari.
  1342 | D:2      | You fall through a shaft!
  1441 | D:3      | Reached XP level 5. HP: 13/33 MP: 5/5
  2195 | D:3      | Reached XP level 6. HP: 34/38 MP: 6/6
  2316 | D:3      | Found a glowing silver altar of Zin.
  2317 | D:3      | Found a white marble altar of Elyvilon.
  2317 | D:3      | Found a shadowy altar of Dithmenos.
  2718 | D:4      | Reached skill level 5 in Shields
  3240 | D:4      | Reached XP level 7. HP: 39/43 MP: 7/7
  3255 | D:4      | Noticed Eustachio
  3277 | D:4      | Killed Eustachio
  3322 | D:4      | Noticed Natasha
  3323 | D:4      | Noticed Edmund
  3324 | D:4      | Killed Natasha
  3373 | D:4      | Killed Edmund
  3373 | D:4      | Reached skill level 6 in Shields
  3554 | D:4      | Noticed Pikel
  3583 | D:4      | Killed Pikel
  3583 | D:4      | Reached skill level 5 in Armour
  3583 | D:4      | Reached skill level 7 in Shields
  3583 | D:4      | Reached XP level 8. HP: 12/48 MP: 8/8
  3872 | D:4      | Noticed Natasha
  3880 | D:4      | Killed Natasha
  4163 | D:4      | Noticed Natasha
  4175 | D:4      | Killed Natasha
  4209 | D:5      | Entered Level 5 of the Dungeon
  4359 | D:5      | Noticed juanjsm's ghost (novice SpVM)
  4381 | D:5      | Killed juanjsm's ghost
  4381 | D:5      | Reached skill level 5 in Fighting
  4448 | D:5      | Found a sand-covered staircase.
  4473 | D:5      | Reached XP level 9. HP: 51/54 MP: 9/9
  4821 | Ossuary  | Entered an ossuary
  4897 | Ossuary  | Reached skill level 8 in Shields
  4953 | Ossuary  | Reached skill level 5 in Maces & Flails
  6288 | D:6      | Reached skill level 9 in Shields
  6291 | D:6      | Noticed Blork the orc
  6310 | D:6      | Killed Blork the orc
  6460 | D:6      | Gained mutation: Your body sometimes deteriorates upon taking damage. [potion of mutation]
  6460 | D:6      | Gained mutation: You expend magic power (3 MP) to strengthen your wands. [potion of mutation]
  6460 | D:6      | Gained mutation: Your magical capacity is low (-10% MP). [potion of mutation]
  6692 | D:6      | Found a staircase to the Ecumenical Temple.
  6720 | D:6      | Noticed Grinder
  6733 | D:6      | Reached XP level 10. HP: 34/61 MP: 9/9
  6745 | D:6      | Paralysed by Grinder for 4 turns
  6750 | D:6      | Killed Grinder
  6750 | D:6      | Reached skill level 1 in Stealth
  7614 | D:7      | Noticed Dowan
  7616 | D:7      | Noticed Duvessa
  7654 | D:7      | Reached skill level 5 in Dodging
  7689 | D:7      | Killed Duvessa
  7714 | D:7      | HP: 3/61 [worker ant (4)]
  8132 | D:7      | Reached skill level 10 in Shields
  8204 | D:7      | Killed Dowan
  8277 | D:7      | Gained mutation: Your mind is acute. (Int +2) [potion of mutation]
  8277 | D:7      | Gained mutation: Your flesh is heat resistant. [potion of mutation]
  8277 | D:7      | Gained mutation: You have a somewhat thin skeletal structure (Dex +2, Stealth). [potion of mutation]
  8647 | D:7      | Found a sparkling altar of Nemelex Xobeh.
  8691 | D:7      | Became a worshipper of Nemelex Xobeh the Trickster
  8814 | D:7      | Found Oveolata's Magic Scroll Shoppe.
  8913 | D:7      | Received a gift from Nemelex Xobeh
  9350 | D:8      | Lost mutation: Your magical capacity is low (-10% MP). [mutagenic meat]
  9351 | D:8      | Gained mutation: You are surrounded by a mild repulsion field (EV +2). [mutagenic meat]
  9353 | D:8      | Lost mutation: You expend magic power (3 MP) to strengthen your wands. [mutagenic meat]
  9415 | D:8      | Found Nigumaf's Weapon Boutique.
  9483 | D:8      | Noticed Psyche
  9493 | D:8      | Killed Psyche
  9550 | D:8      | Found a staircase to the Lair.
  9565 | D:8      | HP: 2/63 [orc warrior/hand axe (3)]
  9567 | D:8      | Killed from afar by an orc priest

Action                   |  1- 3 |  4- 6 |  7- 9 | 10-12 || total
-------------------------+-------+-------+-------+-------++-------
Melee: Flail             |   133 |   243 |   472 |   285 ||  1133
  Use: Potion            |       |     4 |     2 |     9 ||    15
       Scroll            |       |    11 |     9 |     4 ||    24
 Stab: Confused          |       |       |     1 |       ||     1
  Eat: Bread ration      |       |     2 |     3 |     3 ||     8
       Chunk             |       |       |     1 |     5 ||     6
